 Dungeon Crawl Stone Soup version 0.29.1-13-g9f3cf754e1 (webtiles) character file.

Game seed: 15307317500994014442

3740 promet the Fighter (level 9, -2/85 HPs)
             Began as a Minotaur Fighter on Jan 30, 2023.
             Was an Initiate of Hepliaklqana.
             Slain by a hornet (14 damage)
             ... on level 8 of the Dungeon on Jan 31, 2023.
             The game lasted 00:41:37 (7908 turns).

promet the Fighter (Minotaur Fighter)               Turns: 7908, Time: 00:41:37

Health: -2/85      AC:  9    Str: 25    XL:     9   Next: 93%
Magic:  8/8        EV:  7    Int:  5    God:    Hepliaklqana [......]
Gold:   333        SH:  6    Dex: 15    Spells: 8/8 levels left

rFire   . . .      SeeInvis .   d - +8 trident of Pummug {pain, *Slow rElec Dex+5}
rCold   . . .      Faith    .   v - +0 buckler
rNeg    . . .      Spirit   .   n - +0 plate armour
rPois   .          Reflect  .   (helmet restricted)
rElec   +          Harm     .   B - +1 cloak
rCorr   .          Rampage  .   j - +0 pair of gloves
Will    .....                   (no boots)
Stlth   ..........              (no amulet)
HPRegen 0.24/turn               (no ring)
MPRegen 0.11/turn               (no ring)

@: lethally poisoned (-2 -> -10), corroded, slowed, very slow
A: horns 2, retaliatory headbutt
a: Renounce Religion


You were on level 8 of the Dungeon.
You worshipped Hepliaklqana.
Hepliaklqana was noncommittal.
You visited 2 branches of the dungeon, and saw 9 of its levels.

You collected 333 gold pieces.

Inventory:

Hand Weapons
 a - a +1 war axe
 b - a +0 sling
 c - a +3 long sword
 d - the +8 trident of Pummug (weapon) {pain, *Slow rElec Dex+5}
   (You found it on level 6 of the Dungeon)

   In the hands of one skilled in necromantic magic, it inflicts extra damage on
   living creatures.
   Dex:       It affects your dexterity (+5).
   rElec:     It insulates you from electricity.
   *Slow:     It may slow you when you take damage.
 p - a +2 flail
 x - a +3 spear
 F - a +1 whip of flaming
Missiles
 h - 2 javelins (quivered)
 m - 53 stones
 z - 6 poisoned darts
Armour
 e - a +0 scale mail
 j - a +0 pair of gloves (worn)
 n - a +0 plate armour (worn)
 v - a +0 buckler (worn)
 B - a +1 cloak (worn)
Magical Staves
 f - a staff of earth
Wands
 l - a wand of polymorph (10)
 y - a wand of quicksilver (5)
 E - a wand of roots (2)
Scrolls
 k - 2 scrolls of teleportation
 r - 2 scrolls of amnesia
 G - 2 scrolls of poison {unknown}
Potions
 g - a potion of heal wounds
 i - 2 potions of curing
 o - a potion of ambrosia {unknown}
 q - 3 potions of magic {unknown}
 s - 2 potions of degeneration {unknown}
 t - a potion of mutation {unknown}
 u - a potion of cancellation {unknown}
 w - a potion of haste {unknown}
 A - a potion of resistance {unknown}
 C - a potion of lignification {unknown}
 D - a potion of berserk rage {unknown}


   Skills:
 + Level 10.0 Fighting
 * Level 4.4 Long Blades
 + Level 7.5 Axes
 * Level 4.0 Ranged Weapons
 + Level 8.0 Armour
 + Level 2.2 Stealth
 + Level 7.9 Shields


You had 8 spell levels left.
You didn't know any spells.
Your spell library contained the following spells:

 Spells                   Type           Power      Damage    Failure   Level
 Apportation              Tloc           0%         N/A       100%        1
 Magic Dart               Conj           0%         1d3       100%        1
 Necrotise                Necr           0%         1d4       100%        1
 Blink                    Tloc           0%         N/A       100%        2
 Searing Ray              Conj           0%         2d4       100%        2
 Lesser Beckoning         Tloc           0%         N/A       100%        3
 Vampiric Draining        Necr           0%         2d6       100%        3
 Fulminant Prism          Conj/Hex       0%         3d6       100%        4
 Agony                    Necr           0%         N/A       100%        5
 Alistair's Intoxication  Tmut/Pois      0%         N/A       100%        5
 Manifold Assault         Tloc           0%         N/A       100%        5


Dungeon Overview and Level Annotations

Branches:
Dungeon (8/15)             Temple (1/1) D:4
   Lair: D:8-11

Altars:
Ashenzari
Cheibriados
Dithmenos
Elyvilon
Fedhas
Gozag
Hepliaklqana
Kikubaaqudgha
Makhleb
Nemelex Xobeh
Okawaru
Qazlal
Ru
Sif Muna
Trog
Uskayaw
Vehumet
Wu Jian
Xom
Yredelemnul
Zin
The Shining One


Innate Abilities, Weirdness & Mutations

You have a pair of horns on your head.
You reflexively headbutt those who attack you in melee.


Message History

The acid dragon bites you but does no damage.
The acid dragon claws you.
You hit the acid dragon but do no damage.
The acid dragon is almost dead.
The acid dragon bites you but does no damage.
The acid dragon claws you but does no damage.
You hit the acid dragon but do no damage.
The acid dragon is almost dead.
The acid dragon spits acid at you. The splash of acid hits you!!
* * * LOW HITPOINT WARNING * * *
You feel much better. The acid dragon bites you!
The acid dragon claws you but does no damage.
You hit the acid dragon.
You kill the acid dragon!
You block the hornet's attack.
Your Ranged Weapons skill increases to level 4!
You closely miss the hornet. Your headbutt misses the hornet.
The hornet stings you but does no damage.
The hornet stings you.
You feel yourself slow down.
You barely miss the hornet. You headbutt the hornet!
The hornet is moderately wounded.
The hornet stings you.
You are poisoned.
You suddenly lose the ability to move!
The hornet stings you!
* * * LOW HITPOINT WARNING * * *
You feel as though you will be slow longer.
You can move again.
You feel better.
You feel yourself speed up. The hornet stings you.
You feel yourself slow down. The hornet stings you!
* * * LOW HITPOINT WARNING * * *
You are poisoned.
You feel as though you will be slow longer.
You puncture the hornet!
The hornet is severely wounded.
* * * LOW HITPOINT WARNING * * *
You feel very sick. The hornet stings you!
You die...

#.. .....
#..#####.....
##............
...........
#.......#
#.......#
########## #..#
#........# ##y#
####........#
#@###...........#
##...#...........#
#....#...........#
#.................
#.................
#.............#...
#....##.......# ..
#....##.......# .
#....###......#


You could see a hornet.

Vanquished Creatures
  Pikel (D:7)
  Grinder (D:5)
  Sigmund (D:3)
  2 acid dragons (D:8)
  A water moccasin (D:5)
  3 ice beasts
  A sky beast (D:6)
  A black bear (D:6)
  2 ogres
  3 phantoms
  A lemure (D:7)
  Blork the orc (D:6)
  2 bullfrogs
  2 scorpions (D:5)
  2 necrophages (D:4)
  9 wights
  2 killer bees (D:8)
  4 howler monkeys (D:7)
  A jelly (D:6)
  An orc priest (D:5)
  6 hounds
  5 iguanas
  2 orc wizards
  Natasha (thrice) (D:1)
  5 adders
  2 shadow imps
  A white imp (D:6)
  A worm (D:4)
  A dart slug (D:3)
  14 orcs
  7 endoplasms
  3 giant cockroaches (D:1)
  6 hobgoblins
  2 jackals (D:4)
  2 quokkas
  4 ball pythons
  6 bats
  2 frilled lizards
  6 goblins
  9 kobolds
  5 rats
133 creatures vanquished.

Vanquished Creatures (others)
  29 plants
29 creatures vanquished.

Grand Total: 162 creatures vanquished

Notes
Turn   | Place    | Note
-------+----------+-------------------------------------------
     0 | D:1      | promet the Minotaur Fighter began the quest for the Orb.
     0 | D:1      | Reached XP level 1. HP: 19/19 MP: 0/0
   373 | D:1      | Reached XP level 2. HP: 27/27 MP: 1/1
   900 | D:2      | Reached skill level 4 in Fighting
   903 | D:2      | Reached XP level 3. HP: 24/33 MP: 2/2
  1139 | D:2      | Found a faded altar of an unknown god.
  1517 | D:2      | Noticed Natasha
  1680 | D:1      | Killed Natasha
  1727 | D:1      | Noticed Natasha
  1736 | D:1      | Killed Natasha
  1737 | D:1      | Reached XP level 4. HP: 41/41 MP: 3/3
  1819 | D:1      | Noticed Natasha
  1823 | D:1      | Killed Natasha
  2374 | D:3      | Noticed Sigmund
  2421 | D:3      | Killed Sigmund
  2422 | D:3      | Reached skill level 5 in Fighting
  2422 | D:3      | Reached XP level 5. HP: 33/49 MP: 4/4
  2422 | D:3      | Reached XP level 6. HP: 37/56 MP: 5/5
  2645 | D:3      | Reached skill level 5 in Shields
  2847 | D:3      | Found an iron altar of Okawaru.
  3013 | D:3      | Found a faded altar of an unknown god.
  3013 | D:3      | Found a snail-covered altar of Cheibriados.
  3020 | D:3      | Found a radiant altar of Vehumet.
  3023 | D:3      | Found a sacrificial altar of Ru.
  3025 | D:3      | Found a faded altar of an unknown god.
  3167 | D:4      | Reached skill level 5 in Armour
  3208 | D:4      | Found a staircase to the Ecumenical Temple.
  3298 | D:4      | Found a blossoming altar of Fedhas.
  3364 | D:4      | Reached skill level 6 in Fighting
  3412 | D:4      | Noticed an ice beast
  3438 | D:4      | Killed an ice beast
  3794 | D:4      | Reached XP level 7. HP: 56/63 MP: 6/6
  3906 | D:4      | Identified the +0 dagger "Cuwidee" {freeze, Fragile rElec
                  | MP+9 Dex+6}
  4295 | D:5      | Entered Level 5 of the Dungeon
  4420 | D:5      | Reached skill level 7 in Fighting
  4420 | D:5      | Reached skill level 5 in Axes
  4594 | D:5      | Reached XP level 8. HP: 52/74 MP: 7/7
  4820 | D:5      | Noticed Grinder
  4839 | D:5      | Killed Grinder
  4840 | D:5      | Reached skill level 8 in Fighting
  5587 | D:6      | Reached skill level 9 in Fighting
  5656 | D:6      | Noticed Blork the orc
  6033 | D:6      | Reached XP level 9. HP: 83/84 MP: 8/8
  6055 | D:6      | Reached skill level 1 in Long Blades
  6055 | D:6      | Reached skill level 1 in Ranged Weapons
  6076 | D:6      | Found a shadowy altar of Dithmenos.
  6130 | D:6      | Killed Blork the orc
  6282 | D:6      | Identified the +8 trident of Pummug {pain, *Slow rElec
                  | Dex+5}
  6819 | D:7      | Reached skill level 1 in Stealth
  7068 | D:7      | Found a sparkling altar of Nemelex Xobeh.
  7103 | D:7      | Noticed Pikel
  7139 | D:7      | Killed Pikel
  7693 | Temple   | Entered the Ecumenical Temple
  7702 | Temple   | Became a worshipper of Hepliaklqana the Forgotten
  7875 | D:8      | Reached skill level 10 in Fighting
  7906 | D:8      | Paralysed by a hornet for 1 turns
  7908 | D:8      | Slain by a hornet

Illustrated notes

Levels and vault maps discovered:
D:1:      mrwooster_arrival_statue, layout_basic, lexackson_kobold_supper
D:2:      layout_loops_corners, shapermc_ecumenical_altar_starsandcircs,
          uniq_natasha
D:3:      layout_basic, chequers_temple_overflow_minitemple,
          lemuel_doored_altar, grunt_ministairs_6,
          chequers_serial_rivers_room_a, uniq_sigmund
D:4:      layout_loops_ring, fedhas_altar_decomposition,
          minmay_temple_entry_arrows
D:5:      layout_cave_pools, uniq_grinder
D:6:      layout_cave_pools, grunt_dithmenos_shadows, serial_bayou_pond_d,
          uniq_blork_the_orc
D:7:      layout_basic, general_overflow_altar, minmay_misc_feat_columns,
          uniq_pikel
D:8:      layout_basic, lair_entry_dummy
Temple:   hellmonk_temple_two_chambers

Skill      XL: |  1  2  3  4  5  6  7  8  9 |
---------------+----------------------------+-----
Fighting       | 4 5 6 7 9 10 | 10.0
Armour         | 4 5 6 7 8 |  8.0
Shields        | 4 5 6 7 |  7.9
Axes           | 3 4 5 6 7 |  7.5
Long Blades    | 4 |  4.4
Ranged Weapons | 4 |  4.0
Stealth        | 2 |  2.2

Action                   |  1- 3 |  4- 6 |  7- 9 || total
-------------------------+-------+-------+-------++-------
Melee: War axe           |    62 |    63 |   130 ||   255
       Headbutt          |     4 |     6 |    39 ||    49
       Unarmed           |    11 |       |       ||    11
       Long sword        |       |       |    44 ||    44
       Trident           |       |       |    62 ||    62
       Whip              |       |       |     7 ||     7
       Spear             |       |       |     2 ||     2
 Fire: Sling             |    14 |       |    30 ||    44
Throw: Javelin           |       |       |     9 ||     9
Evoke: Wand              |       |     9 |     6 ||    15
  Use: Scroll            |     4 |     3 |     3 ||    10
       Potion            |       |     1 |     6 ||     7
 Stab: Distracted        |       |     1 |       ||     1
Armor: Scale mail        |    36 |       |       ||    36
       Plate armour      |    10 |    40 |   132 ||   182
Dodge: Dodged            |    29 |    15 |    70 ||   114
Block: Buckler           |    19 |     4 |    53 ||    76
